Map: Deathaura LE

Players

Serral - Winner!

  • Race: Zerg Zerg
  • League: Grandmaster
  • Spawn Location: 5:00

GOStephano (Stephano)

  • Race: Zerg Zerg
  • League: Grandmaster
  • Spawn Location: 11:00

Event: DreamHack SC2 Masters 2020 Winter

VOD

Have the link to the VOD?

Description

Time

  • Played on: Oct. 31, 2020, 2:36 p.m.
  • Length: 7:11

All games in this series

Show
View Real Time Build Order
Export as new Build Order

Serral Zerg - Winner!

Build Orders: Hatch First 

Get SALT Encoding   

  12  0:00  Drone  
  13  0:12  Overlord  
  13  0:16  Drone  
  14  0:30  Drone x2  
  16  0:47  Hatchery  
  15  0:50  Drone  
  15  0:53  Drone  
  15  0:56  Drone  
  18  1:08  Extractor  
  17  1:12  Spawning Pool  
  17  1:15  Drone  
  18  1:18  Drone  
  18  1:27  Drone  
  19  1:38  Drone  
  20  1:56  Overlord  
  20  1:58  Queen  
  20  1:59  Queen, Zergling x2  
  20  2:00  Zergling x2  
  26  2:08  Metabolic Boost  
  26  2:09  Drone  
  26  2:10  Drone  
  28  2:21  Drone x2  
  30  2:33  Hatchery  
  30  2:35  Zergling x2  
  30  2:38  Drone  
  30  2:43  Drone  
  32  2:46  Baneling Nest  
  32  2:50  Overlord  
  31  2:54  Drone  
  31  2:56  Drone  
  33  3:03  Drone  
  34  3:07  Zergling x2  
  34  3:08  Drone x3  
  34  3:11  Drone  
  39  3:13  Drone  
  39  3:17  Overlord  
  40  3:23  Queen  
  42  3:27  Zergling x2  
  42  3:28  Drone  
  42  3:32  Evolution Chamber  
  42  3:34  Zergling x2  
  42  3:36  Drone  
  42  3:38  Drone x2  
  42  3:39  Baneling  
  46  3:42  Drone  
  46  3:44  Zergling x2  
  49  3:48  Drone x2  
  49  3:51  Baneling  
  49  3:55  Zergling x2  
  51  3:58  Overlord  
  51  4:01  Zergling x2  
  51  4:02  Overlord  
  52  4:05  Drone x2  
  52  4:08  Extractor, Zerg Missile Weapons Level 1  
  52  4:09  Extractor  
  51  4:13  Baneling  
  51  4:14  Drone x4  
  51  4:15  Drone  
  56  4:18  Overlord  
  56  4:23  Lair  
  56  4:24  Drone  
  56  4:26  Drone  
  56  4:29  Drone  
  59  4:32  Roach Warren  
  59  4:37  Drone  
  59  4:38  Drone x2  
  61  4:41  Overlord  
  61  4:42  Drone  
  61  4:44  Drone  
  63  4:46  Drone  
  63  4:48  Drone  
  63  4:50  Drone x2  
  63  4:51  Drone  
  68  4:56  Extractor  
  68  4:57  Drone x3  
  70  5:01  Pneumatized Carapace  
  70  5:03  Drone x2  
  70  5:05  Drone  
  73  5:07  Drone  
  73  5:10  Drone x4  
  78  5:14  Extractor  
  78  5:15  Extractor, Overlord  
  78  5:18  Drone  
  78  5:20  Drone x3  
  79  5:22  Glial Reconstitution  
  79  5:25  Drone  
  79  5:26  Overseer  
  82  5:28  Roach x2  
  82  5:34  Hatchery  
  83  5:36  Overlord  
  83  5:41  Roach x2  
  87  5:42  Evolution Chamber  
  87  5:46  Roach x2  
  90  5:50  Overlord x2  
  90  5:54  Roach x2  
  94  5:57  Roach  
  94  5:58  Roach x2  
  94  6:03  Spine Crawler  
  94  6:04  Roach x2, Spine Crawler  
  105  6:07  Overlord  
  105  6:09  Baneling x3  
  105  6:10  Roach  
  105  6:11  Roach x3  
  112  6:16  Roach x2, Spine Crawler  
  115  6:22  Roach x3  
  121  6:25  Spine Crawler  
  121  6:26  Overlord  
  121  6:28  Roach  
  121  6:29  Roach  
  124  6:35  Baneling  
  124  6:36  Baneling x7  
  124  6:40  Roach x2  
  122  6:51  Roach  
  122  6:52  Roach x8  
Show
View Real Time Build Order
Export as new Build Order

GOStephano Zerg 

Build Orders: Hatch First 

Get SALT Encoding   

  12  0:00  Drone  
  13  0:12  Overlord  
  13  0:17  Drone  
  14  0:30  Drone x2  
  16  0:47  Hatchery  
  15  0:51  Drone  
  15  0:54  Drone  
  15  0:57  Drone  
  18  1:08  Extractor  
  17  1:13  Spawning Pool  
  17  1:15  Drone  
  17  1:18  Drone  
  18  1:27  Drone  
  19  1:38  Drone  
  20  1:49  Drone  
  21  1:59  Queen x2  
  21  2:00  Zergling x4  
  27  2:10  Drone  
  27  2:11  Overlord  
  27  2:14  Metabolic Boost  
  28  2:27  Hatchery  
  28  2:30  Zergling x2  
  28  2:31  Drone  
  28  2:34  Drone  
  30  2:42  Queen  
  32  2:50  Overlord  
  32  2:51  Drone  
  32  2:53  Drone  
  32  2:57  Drone x2  
  36  3:09  Zergling x8  
  36  3:12  Zergling x4  
  42  3:18  Zergling x4  
  44  3:22  Overlord  
  44  3:30  Baneling Nest  
  43  3:36  Drone  
  43  3:38  Evolution Chamber  
  43  3:40  Drone x3  
  47  3:43  Drone x2  
  47  3:44  Drone x2  
  47  3:45  Drone  
  51  3:52  Drone  
  51  3:54  Drone x2  
  54  3:59  Drone  
  54  4:01  Drone x2  
  56  4:03  Zerg Missile Weapons Level 1  
  54  4:10  Roach Warren  
  53  4:17  Extractor x2  
  53  4:19  Drone x6  
  53  4:23  Overlord  
  57  4:29  Lair  
  57  4:38  Overlord  
  57  4:44  Overlord  
  57  4:45  Drone x3  
  59  4:46  Drone  
  59  4:48  Drone x3, Overlord  
  59  4:52  Overlord  
  64  4:59  Drone x2  
  67  5:00  Drone x2  
  67  5:05  Overlord  
  67  5:06  Overlord x2  
  68  5:10  Extractor  
  68  5:11  Extractor  
  68  5:21  Roach x7  
  68  5:26  Glial Reconstitution  
  80  5:30  Baneling Nest, Roach x2  
  83  5:36  Roach x3  
  83  5:41  Roach x2  
  93  5:45  Roach  
  93  5:46  Roach  
  97  5:54  Roach x4  
  105  6:00  Roach x3  
  111  6:07  Overlord x2  
  111  6:09  Roach x2  
  115  6:14  Roach x2  
  115  6:15  Roach  
  121  6:19  Baneling x4  
  121  6:20  Baneling x2  
  121  6:21  Baneling x2  
  121  6:22  Baneling x2  
  121  6:24  Baneling x2  
  121  6:25  Baneling  
  121  6:26  Baneling  
  121  6:28  Baneling  
  121  6:30  Roach  
  121  6:31  Roach  
  125  6:34  Roach  
  125  6:35  Roach  
  129  6:45  Roach  
  129  6:46  Roach x4  
  123  6:49  Roach x2  
Tags
 
Add a new tag
Caveats
  • Supply blocks, unpowered buildings, or Contaminate may cause inaccurate times.
  • Supply counts are checked every 10 seconds.